 Dungeon Crawl Stone Soup version 0.22-a0-322-g60b3cfd (console) character file.

9 Er the Stinger (level 2, 19/19 HPs)
             Began as a Demonspawn Venom Mage on Apr 4, 2018.
             Got out of the dungeon alive.
             The game lasted 00:02:01 (465 turns).

Er the Stinger (Demonspawn Venom Mage)               Turns: 465, Time: 00:02:02

Health: 19/19      AC:  5    Str:  8    XL:     2   Next: 3%
Magic:  5/5        EV: 12    Int: 16    God:
Gold:   56         SH:  0    Dex: 13    Spells: 5/6 levels left

rFire    + . .     SeeInvis .   (no weapon)
rCold    + . .     Gourm    .   (no shield)
rNeg     . . .     Faith    +   a - +0 robe
rPois    .         Spirit   .   (helmet restricted)
rElec    .         Reflect  .   h - scarf {rC+ rF+}
rCorr    +         Harm     .   b - +2 pair of gloves
MR       .....                  (no boots)
Stlth    ++........             e - amulet of faith
HPRegen  0.06/turn              O - ring of resist corrosion
MPRegen  0.09/turn              (no ring)

@: no status effects
A: horns 1, blink, evolution 1
a: Blink


You escaped.
You were not hungry.

You visited 1 branch of the dungeon, and saw 1 of its levels.

You collected 56 gold pieces.

Inventory:

Armour
 a - a +0 robe (worn)
 b - a +2 pair of gloves (worn)
 h - a scarf of resistance (worn)
Jewellery
 e - an amulet of faith (around neck)
 O - a ring of resist corrosion (left hand)
Scrolls
 f - a scroll of teleportation
 g - 2 scrolls of enchant armour
Potions
 i - a potion of degeneration {unknown}
Comestibles
 c - 2 rations


   Skills:
 - Level 1.7 Dodging
 - Level 1.7 Stealth
 + Level 2.6 Spellcasting
 - Level 1.0 Conjurations
 - Level 3.0 Poison Magic


You had 5 spell levels left.
You knew the following spells:

 Your Spells              Type           Power        Failure   Level  Hunger
d - Sting                 Conj/Pois      #...         9%          1    #......


Dungeon Overview and Level Annotations

Branches:
Dungeon (1/15)

Altars:


Innate Abilities, Weirdness & Mutations

You have a pair of small horns on your head.
You can translocate small distances at will.
You evolve.


Message History

You kill the kobold!
You have reached level 2!
You feel monstrous as your demonic heritage exerts itself.
Your demonic ancestry asserts itself...
A pair of horns grows on your head!
Unknown command.
Unknown command.
You see here a hobgoblin corpse.
You now have 56 gold pieces (gained 11).
Found a stone staircase leading down.
i - a viscous silvery potion Unknown command.
Unknown command.
Unknown command.
All of the chunks of flesh in your inventory have rotted away.
Found a dagger.
Found 17 sling bullets.
There is a staircase leading out of the dungeon here.
Are you sure you want to leave the Dungeon?
This will make you lose the game!
You have escaped!

#..# ######### ##.##
##..### ### #.....# ..#
##...## #.####..#..####
##### #.#...........#
#...# #.#...........#
....#####.#.⌠...@...⌠.#
#....(....#...........#
#...##.##.#...........#
..........##..#####..##
....##.##.##...# #...#
....##.##.##...###...#
....##.##.###...#...##
....##.##...##.....##
######.##.#.)....###


There were no monsters in sight!

Vanquished Creatures
  A giant cockroach (D:1)
  2 hobgoblins (D:1)
  A kobold (D:1)
  A ball python (D:1)
  2 bats (D:1)
  2 rats (D:1)
9 creatures vanquished.

Notes
Turn   | Place    | Note
-------+----------+-------------------------------------------
     0 | D:1      | Er the Demonspawn Venom Mage began the quest for the Orb.
     0 | D:1      | Reached XP level 1. HP: 13/13 MP: 3/3
   166 | D:1      | Gained mutation: You evolve. [potion of mutation]
   166 | D:1      | Gained mutation: You can translocate small distances at will. [potion of mutation]
   370 | D:1      | Gained mutation: You have a pair of small horns on your head. [demonic ancestry]
   370 | D:1      | Reached XP level 2. HP: 19/19 MP: 1/5
   465 | D:$      | Got out of the dungeon alive.

Vault maps used:
D:1:      dpeg_arrival_arbitrary_c

Action                   || total
-------------------------++-------
Melee: Unarmed           ||    17
 Cast: Sting             ||    19
  Use: Scroll            ||     2
       Potion            ||     2
Armor: Robe              ||     7
Dodge: Dodged            ||    17

Table legend:
 A = Spawn XP
 B = Non-spawn XP
 C = Spawn XP percentage of total XP
 D = Spawn monster count
 E = Non-spawn monster count
 F = Spawn count percentage of total count
 G = Total turns spent on level
                    A         B        C        D         E        F      G
               +---------+---------+-------+---------+---------+-------+---------
         Total |       0 |      13 |   0.0 |       0 |       9 |   0.0 |   465
               +---------+---------+-------+---------+---------+-------+---------
           D:1 |       0 |      13 |   0.0 |       0 |       9 |   0.0 |   465
               +---------+---------+-------+---------+---------+-------+---------
